 Dungeon Sprint DCSS version 0.21.1-1-g345015f (webtiles) character file.

291 johnjohn the Cudgeler (level 6, -5/68 HPs)
             Began as a Troll Berserker on May 13, 2018.
             Was a Believer of Trog.
             Slain by Sonja
             ... wielding a +2 dagger of draining
              (7 damage)
             ... in the Dungeon (Sprint I: "Red Sonja").
             The game lasted 00:02:00 (290 turns).

johnjohn the Cudgeler (Troll Berserker)              Turns: 290, Time: 00:02:01

Health: -5/68      AC:  3    Str: 28    XL:     6   Next: 10%
Magic:  5/5        EV:  9    Int:  3    God:    Trog [**....]
Gold:   191        SH:  0    Dex:  9    Spells: 5/5 levels left

rFire    . . .     SeeInvis .   a - +0 mace
rCold    . . .     Gourm    +   (no shield)
rNeg     . . .     Faith    .   k - -2 robe (curse)
rPois    .         Spirit   .   (helmet restricted)
rElec    .         Reflect  .   (no cloak)
rCorr    .         Harm     .   (gloves unavailable)
MR       .....     NoTele   +   (boots unavailable)
Stlth    +.........             (no amulet)
HPRegen  0.61/turn              (no ring)
MPRegen  0.09/turn              (no ring)

@: lethally poisoned (-5 -> -6), slowed, extremely drained, very slow
A: large, unfitting armour, claws 3, fast metabolism 3, gourmand, regeneration
1, shaggy fur 1, tough skin 2
a: Berserk, Trog's Hand, Burn Spellbooks, Renounce Religion


You were in the Dungeon.
You worshipped Trog.
Trog was pleased with you.
You were not hungry.

You visited 1 branch You collected 191 gold pieces.

Inventory:

Hand Weapons
 a - a +0 mace (weapon)
Armour
 b - a +0 animal skin
 k - a cursed -2 robe (worn)
Wands
 j - a wand of random effects (18)
Scrolls
 i - a scroll of blinking
Potions
 d - a potion of curing
 e - a potion of heal wounds
 f - a potion of haste
 g - 2 potions of magic
 h - a potion of berserk rage
Comestibles
 c - 3 rations


   Skills:
 + Level 6.6(0.1) Fighting
 + Level 7.7(1.1) Maces & Flails
 + Level 6.2(0.0) Dodging


You had 5 spell levels left.
You didn't know any spells.

Dungeon Overview and Level Annotations

Branches:
Dungeon (1/1)

Altars:
Sif Muna
Vehumet
Wu Jian

Annotations:
D Sonja


Innate Abilities, Weirdness & Mutations

You are too large for most types of armour.
You have claws for hands.
Your metabolism is lightning-fast.
You like to eat raw meat.
Your natural rate of healing is unusually fast.
You are covered in fur. (AC +1)
You have very tough skin. (AC +2)


Message History

You are poisoned.
You have difficulty breathing.
* * * LOW HITPOINT WARNING * * *
You feel yourself slow down.
You see here a curare-tipped needle.
You feel sick.
Sonja mumbles some strange words.
Sonja blinks!
You see here 27 gold pieces.
You feel sick.
Sonja unwields an uncursed blowgun.
Sonja wields an uncursed dagger of draining.
You sense an unholy aura.
Sonja hits you with an uncursed dagger of draining.
* * * LOW HITPOINT WARNING * * *
You feel drained. Sonja hits you but does no damage.
You feel drained. Sonja hits you but does no damage.
You feel drained.
You see here 27 gold pieces.
You miss Sonja.
You feel sick.
Sonja hits you with an uncursed dagger of draining!
You die...

#..#
#..#
#.#
#..#
####
##.#
#..#
#+#_.+
#⌠⌠#
+..._#
####
#_.#'#
##'#.#
##.###


+$($+ #$K@# ##(## #+# You could see Sonja.

Vanquished Creatures
  Sigmund (D)
  An ogre (D)
  A jelly (D)
  Ijyb (D)
4 creatures vanquished.

Notes
Turn   | Place    | Note
-------+----------+-------------------------------------------
     0 | D        | johnjohn the Troll Berserker began the quest for the Orb.
     0 | D        | Reached XP level 1. HP: 22/22 MP: 0/0
     2 | D        | Noticed Ijyb
    34 | D        | Killed Ijyb
    34 | D        | Reached skill level 4 in Maces & Flails
    34 | D        | Reached XP level 2. HP: 26/31 MP: 1/1
    43 | D        | Noticed an ogre
    48 | D        | Killed an ogre
    48 | D        | Reached skill level 5 in Fighting
    48 | D        | Reached skill level 5 in Maces & Flails
    48 | D        | Reached XP level 3. HP: 13/42 MP: 2/2
    48 | D        | Reached XP level 4. HP: 16/50 MP: 3/3
   120 | D        | Noticed Sigmund
   141 | D        | Killed Sigmund
   141 | D        | Reached ** piety under Trog
   141 | D        | Reached skill level 7 in Maces & Flails
   141 | D        | Reached XP level 5. HP: 11/61 MP: 4/4
   255 | D        | Found an ornate altar of the Wu Jian Council.
   255 | D        | Found a deep blue altar of Sif Muna.
   257 | D        | Found a radiant altar of Vehumet.
   260 | D        | Reached XP level 6. HP: 67/68 MP: 5/5
   276 | D        | Noticed Sonja
   289 | D        | HP: 2/68 [Sonja/uncursed dagger of draining (5)]
   290 | D        | Slain by Sonja

Skill      XL: |  1  2  3  4 |
---------------+-------------+-----
Fighting       | 3 5 6 |  6.6
Maces & Flails | 4 5 7 |  7.7
Dodging        | 3 4 6 |  6.2

Action                   |  1- 3 |  4- 6 || total
-------------------------+-------+-------++-------
Melee: Mace              |    35 |    27 ||    62
Armor: Animal skin       |     7 |       ||     7
       Robe              |       |     7 ||     7
Dodge: Dodged            |    17 |    20 ||    37
